 Dungeon Crawl Stone Soup version 0.31-a0-997-g9a2f3ff (webtiles) character file.

Game seed: 3982796740810342929

66 PurpleRed the Sneak (level 3, 0/22 HPs)
             Began as a Deep Elf Delver on Nov 7, 2023.
             Slain by an adder (1 damage)
             ... on level 4 of the Dungeon.
             The game lasted 00:02:39 (338 turns).

PurpleRed the Sneak (Deep Elf Delver)                Turns: 338, Time: 00:02:40

Health: 0/22       AC:  3    Str:  9    XL:     3   Next: 96%
Magic:  11/11      EV: 12    Int: 16    God:
Gold:   28         SH:  0    Dex: 16    Spells: 11/11 levels left

rFire   . . .        o - +0 great sword
rCold   . . .        (shield currently unavailable)
rNeg    . . .        b - +0 leather armour
rPois   .            (no helmet)
rElec   .            (no cloak)
rCorr   .            (no gloves)
SInv    .            (no boots)
Will    .....        (no amulet)
Stlth   +++          (no ring)
HPRegen 0.23/turn    (no ring)
MPRegen 0.12/turn

%: no passive effects
@: no status effects
A: no striking features
a: no special abilities


You were on level 4 of the Dungeon.
You visited 1 branch of the dungeon, and saw 4 of its levels.

You collected 28 gold pieces.

Inventory:

Hand Weapons
 a - a +0 short sword
 h - a +0 long sword
 o - a +0 great sword (weapon)
Missiles
 d - 2 throwing nets
 k - 2 poisoned darts
 n - 4 curare-tipped darts
Armour
 b - a +0 leather armour (worn)
Wands
 g - a wand of digging (3)
Scrolls
 c - a scroll of fog
 e - a scroll of fear
 l - a scroll of blinking {unknown}
Potions
 f - a potion of heal wounds
 i - a potion of curing {unknown}
 j - 2 potions of brilliance
 m - a potion of lignification {unknown}


   Skills:
 - Level 2.4 Fighting
 - Level 2.0 Short Blades
 - Level 2.4 Dodging
 - Level 6.0 Stealth
 + Level 4.9 Spellcasting


You had 11 spell levels left.
You didn't know any spells.
Your spell library was empty.

Dungeon Overview and Level Annotations

Branches:
Dungeon (6/15)
 Temple: D:4-7

Altars:


Message History

Things that are here:
a +0 dagger; 4 curare-tipped darts; an orc corpse
n - 4 curare-tipped darts
Found a scroll of identify.
Found a stone staircase leading down.
o - a scroll of identify
Okay, then.
As you read the scroll of identify, it crumbles to dust.
f - a potion of heal wounds
There is a stone staircase leading down here.
You climb downwards.
Found a great sword.
There is a stone staircase leading up here.
A hound comes into view.
Found 5 stones.
The helpless hound fails to defend itself.
You impale the hound!!
You kill the hound!
Your Spellcasting skill increases to level 4!
An adder comes into view.
You see here a +0 great sword.
o - a +0 great sword The adder hisses angrily.
o - a +0 great sword (weapon)
You barely miss the adder. The adder closely misses you. The adder bites you.
You are poisoned.
The adder poisons you!
You miss the adder.
You feel very sick. The adder bites you. The adder closely misses you.
The adder misses you.
You miss the adder.
You feel sick. The adder closely misses you. x2
You completely miss the adder.
You feel sick. The adder bites you but does no damage. The adder bites you.
You closely miss the adder.
You feel sick.
You are no longer poisoned.
The adder barely misses you. The adder bites you.
* * * LOW HITPOINT WARNING * * *
You closely miss the adder. The adder bites you.
* * * LOW HITPOINT WARNING * * *
The adder bites you.
You die...

.## ##
.# ...
.# #.
#.#
#.##.
#.# #...
#.# #(.#
#.# #..#
#.###S.#
#<#.@..#
#......#
###.#..#
#.#..#
#†#..#
#.#..#
######
##..#
....#


You could see an adder.

Vanquished Creatures
  2 hounds
  A dart slug (D:5)
  An orc (D:3)
  A ball python (D:3)
  A frilled lizard (D:3)
6 creatures vanquished.

Notes
Turn   | Place    | Note
-------+----------+-------------------------------------------
     0 | D:5      | PurpleRed the Deep Elf Delver began the quest for the Orb.
     0 | D:5      | Reached XP level 1. HP: 13/13 MP: 3/3
    27 | D:6      | Noticed an ice beast
    53 | D:6      | Noticed an iguana
    77 | D:5      | Noticed a hound
    82 | D:5      | Killed a hound
    83 | D:5      | Reached XP level 2. HP: 18/18 MP: 3/8
    83 | D:5      | Reached XP level 3. HP: 22/22 MP: 3/10
    96 | D:5      | Noticed a phantom
   229 | D:4      | Noticed an ogre
   338 | D:4      | HP: 1/22 [adder (4)]
   338 | D:4      | Slain by an adder

Illustrated notes

Levels and vault maps discovered:
D:3:      layout_basic, zin_purify, lightli_temple_of_fire,
          mainiacjoe_overflow_cross_hatched, uniq_ijyb
D:4:      layout_loops_ring, lemuel_coloured_pillars_altar,
          kennysheep_mini_moat, grunt_qazlal_clouds, minmay_crystal_water
D:5:      layout_basic, kb_xom_exploding_sheep, grunt_ashenzari_visionary
          [grunt_ashenzari_visionary_swamp, grunt_ashenzari_visionary_snake],
          minmay_misc_feat_more_columns, uniq_edmund
D:6:      layout_cave_pools, old_standard_altar, hex_medium,
          dreamdust_gnoll_farm

Skill      XL: |  1  2  3 |
---------------+----------+-----
Spellcasting   | 3 4 |  4.9
Fighting       | |  2.4
Short Blades   | |  2.0
Dodging        | |  2.4
Stealth        | |  6.0

Action                     || total
---------------------------++-------
  Melee: Short sword       ||    19
         Great sword       ||     6
    Use: Scroll            ||     3
         Potion            ||     2
   Stab: Sleeping          ||     3
 Armour: Leather armour    ||    24
  Dodge: Dodged            ||    26

Table legend: (Time is in decaauts)
 A = Elapsed time spent in this place.
 B = Non-inter-level travel time spent in this place.
 C = Inter-level travel time spent in this place.
 D = Time resting spent in this place.
 E = Time spent auto-exploring this place.
 F = Levels seen in this place.
 G = Mean time per level.
                   A        B        C        D        E       F      G
               +--------+--------+--------+--------+--------+-----+--------+
         Total |    317 |    317 |      0 |      0 |      0 |   4 |   79.2 |
       Dungeon |    317 |    317 |      0 |      0 |      0 |   4 |   79.2 |
               +--------+--------+--------+--------+--------+-----+--------+

Top non-repeatable levels by time:
     D:5: 127 daAuts
     D:4: 89 daAuts
     D:3: 51 daAuts
     D:6: 49 daAuts
